 Dungeon Crawl Stone Soup version 0.29.0-7-g18a832c13a (webtiles) character file.

Game seed: 11124723095737425323

5721 MeatBomb the Cleaver (level 10, -14/80 HPs)
             Began as a Minotaur Berserker on Aug 30, 2022.
             Was an Elder of Trog.
             Demolished by a two-headed ogre
             ... wielding a +0 giant club
              (16 damage)
             ... on level 9 of the Dungeon.
             The game lasted 00:47:19 (10095 turns).

MeatBomb the Cleaver (Minotaur Berserker)          Turns: 10095, Time: 00:47:19

Health: -14/80     AC: 11    Str: 25    XL:     10   Next: 48%
Magic:  9/9        EV:  7    Int:  7    God:    Trog [****..]
Gold:   454        SH:  5    Dex: 11    Spells: 9/9 levels left

rFire   . . .      SeeInvis .   a - +10 short sword of Dishonesty {vamp, rN+ Int+3}
rCold   . . .      Faith    .   l - +1 buckler
rNeg    + + .      Spirit   .   z - +0 plate armour
rPois   .          Reflect  .   (helmet restricted)
rElec   .          Harm     .   (no cloak)
rCorr   .          Rampage  .   (no gloves)
Will    .....                   (no boots)
Stlth   ..........              (no amulet)
HPRegen 0.23/turn               f - ring of positive energy
MPRegen 0.11/turn               (no ring)

@: about to teleport, marked, on berserk cooldown, slowed, very slow
A: horns 2, retaliatory headbutt
a: Renounce Religion, Berserk, Trog's Hand, Brothers in Arms


You were on level 9 of the Dungeon.
You worshipped Trog.
Trog was greatly pleased with you.
You visited 2 branches of the dungeon, and saw 10 of its levels.

You collected 454 gold pieces.

Inventory:

Hand Weapons
 a - the +10 short sword of Dishonesty (weapon) {vamp, rN+ Int+3}
   (You took it off an orc on level 5 of the Dungeon)

   It occasionally heals its wielder for a portion of the damage dealt when it
   wounds a living foe.
   Int:       It affects your intelligence (+3).
   rN:        It protects you from negative energy.
 b - a +4 battleaxe of freezing
 q - a +1 hand axe of draining
 x - the +8 dagger of the Original Sin {venom, *Slow rElec rF+++ rCorr}
   (You found it on level 8 of the Dungeon)

   It poisons the flesh of those it strikes.
   rF:        It renders you almost immune to fire.
   rElec:     It insulates you from electricity.
   rCorr:     It protects you from acid and corrosion.
   *Slow:     It may slow you when you take damage.
Missiles
 d - 25 stones
 j - 4 throwing nets
 n - 10 poisoned darts
 s - 8 boomerangs (quivered)
Armour
 l - a +1 buckler (worn)
 z - a +0 plate armour (worn)
Jewellery
 f - a ring of positive energy (left hand)
 C - a ring of resist corrosion
Wands
 p - a wand of charming (26)
 v - a wand of flame (18)
 w - a wand of mindburst (16)
 y - a wand of polymorph (7)
Scrolls
 g - 6 scrolls of identify
 h - a scroll of fog {unknown}
 m - 2 scrolls of fear
 o - 3 scrolls of teleportation
 A - a scroll of enchant weapon {unknown}
 B - a scroll of noise {unknown}
 F - a scroll of enchant armour
Potions
 c - 2 potions of lignification
 e - a potion of mutation
 i - 6 potions of curing
 k - a potion of might
 r - a potion of ambrosia {unknown}
 t - a potion of flight {unknown}
 u - a potion of resistance
 D - a potion of brilliance {unknown}
 E - 2 potions of cancellation
 G - 2 potions of attraction {unknown}


   Skills:
 + Level 4.8 Fighting
 - Level 12.0 Short Blades
 + Level 12.3 Axes
 + Level 4.0 Armour
 - Level 2.1 Dodging
 * Level 4.3 Shields


You had 9 spell levels left.
You didn't know any spells.
Your spell library was empty.

Dungeon Overview and Level Annotations

Branches:
Dungeon (9/15)             Temple (1/1) D:7
   Lair: D:8-11         Orc: D:9-12

Altars:
Ashenzari
Cheibriados
Dithmenos
Elyvilon
Fedhas
Gozag
Kikubaaqudgha
Makhleb
Nemelex Xobeh
Okawaru
Qazlal
Ru
Sif Muna
Uskayaw
Vehumet
Wu Jian
Xom
Yredelemnul
Zin
The Shining One

Shops:
D:1 (   D:2 :   D:3 *   D:6 ((


Innate Abilities, Weirdness & Mutations

You have a pair of horns on your head.
You reflexively headbutt those who attack you in melee.


Message History

Found a book of Minor Magic.
The wyvern bites you! x2
You are too injured to fight recklessly!
You are too injured to fight recklessly!
You puncture the wyvern! Your headbutt misses the wyvern.
The wyvern is moderately wounded.
The wyvern bites you.
You barely miss the wyvern. You headbutt the wyvern.
The wyvern is heavily wounded.
You closely miss the wyvern.
You headbutt the wyvern, but do no damage.
The wyvern is heavily wounded.
The wyvern bites you!
You hit the wyvern but do no damage.
The wyvern is heavily wounded.
You block the wyvern's attack.
A red film seems to cover your vision as you go berserk!
You feel yourself moving faster!
You feel mighty! The wyvern bites you.
You puncture the wyvern!
You kill the wyvern!
Trog accepts your kill.
Your Armour skill increases to level 4!
You feel a strong urge to attack something.
You start resting.
You feel your anger nearly subside.
You are no longer berserk.
You are exhausted.
You feel yourself slow down.
You start resting.
A troll comes into view.
A two-headed ogre comes into view. It is wielding two +0 giant clubs.
An acid dragon comes into view.
The two-headed ogre hits you with a +0 giant club! x2
* * * LOW HITPOINT WARNING * * *
As you read the scroll of teleportation, it crumbles to dust.
You feel strangely unstable. The troll bites you!
* * * LOW HITPOINT WARNING * * *
The troll claws you!
* * * LOW HITPOINT WARNING * * *
The troll barely misses you. The two-headed ogre closely misses you.
The two-headed ogre hits you with a +0 giant club!
You die...

... # ...##. .....
#...# #....
#.>..### #.....D##
#....#T.###
...:...##@..######
###.....O........+
##.#.###.....###
#.....'.....'.+
###.###.....### ..
###.#.# #.
#.#......
#.#.###.###
#.#.###....


You could see a two-headed ogre, a troll and an acid dragon.

Vanquished Creatures
  Pikel (D:7)
  A wraith (D:8)
  2 wyverns (D:9)
  6 yaks (D:8)
  A steam dragon (D:8)
  Menkaure (D:7)
  A water moccasin (D:6)
  A black bear (D:4)
  An ice beast (D:8)
  A sky beast (D:7)
  3 orc warriors
  2 ogres (D:6)
  3 centaurs
  2 phantoms
  A bullfrog (D:8)
  2 gnoll sergeants
  2 necrophages
  3 scorpions
  8 wights (D:8)
  10 killer bees (D:8)
  3 howler monkeys
  2 hounds (D:7)
  8 orc priests
  6 jellies
  A gnoll bouda (D:7)
  3 iguanas
  Natasha (D:2)
  2 orc wizards
  Robin (D:3)
  18 gnolls
  6 adders
  A shadow imp (D:6)
  A white imp (D:7)
  An ufetubus (D:4)
  6 worms
  2 dart slugs
  28 orcs
  6 ball pythons
  6 bats
  7 endoplasms
  3 giant cockroaches
  9 hobgoblins
  6 jackals
  4 quokkas
  A frilled lizard (D:1)
  19 goblins
  6 kobolds
  8 rats
217 creatures vanquished.

Vanquished Creatures (others)
  2 demonic plants (D:3)
2 creatures vanquished.

Grand Total: 219 creatures vanquished

Notes
Turn   | Place    | Note
-------+----------+-------------------------------------------
     0 | D:1      | MeatBomb the Minotaur Berserker began the quest for the
                  | Orb.
     0 | D:1      | Reached XP level 1. HP: 19/19 MP: 0/0
    33 | D:1      | Reached XP level 2. HP: 16/26 MP: 1/1
   340 | D:1      | Found Maruim's Antique Weapon Boutique.
   680 | D:1      | Reached skill level 5 in Axes
  1017 | D:2      | Reached XP level 3. HP: 24/31 MP: 2/2
  1268 | D:2      | Reached XP level 4. HP: 36/39 MP: 3/3
  1409 | D:2      | Reached ** piety under Trog
  1585 | D:2      | Found Tytryoru's Book Shop.
  1649 | D:2      | Noticed Natasha
  1665 | D:2      | Killed Natasha
  2060 | D:3      | Found Qerahat's General Store.
  2076 | D:3      | Reached XP level 5. HP: 45/45 MP: 4/4
  2169 | D:3      | Found a faded altar of an unknown god.
  2169 | D:3      | Noticed a balrug
  2564 | D:3      | Noticed Robin
  2565 | D:3      | Reached *** piety under Trog
  2574 | D:3      | Killed Robin
  2911 | D:4      | Found a glowing silver altar of Zin.
  2920 | D:4      | Reached XP level 6. HP: 39/51 MP: 5/5
  3087 | D:4      | Found a snail-covered altar of Cheibriados.
  3108 | D:4      | Found a stormy altar of Qazlal.
  3790 | D:4      | Reached XP level 7. HP: 53/57 MP: 6/6
  3929 | D:5      | Entered Level 5 of the Dungeon
  3987 | D:5      | Reached skill level 10 in Axes
  4573 | D:5      | Found a broken altar of Ashenzari.
  4610 | D:5      | Reached XP level 8. HP: 23/64 MP: 7/7
  5219 | D:5      | Identified the +10 short sword of Dishonesty {vamp, rN+
                  | Int+3}
  5711 | D:6      | Reached skill level 1 in Short Blades
  5739 | D:6      | Found Poirhauk's Antique Weapon Boutique.
  6377 | D:6      | Reached **** piety under Trog
  6539 | D:6      | Found Jacic's Weapon Boutique.
  6544 | D:6      | Reached skill level 5 in Short Blades
  6856 | D:7      | Noticed Menkaure
  6867 | D:7      | Killed Menkaure
  7000 | D:7      | Reached XP level 9. HP: 60/70 MP: 8/8
  7077 | D:7      | Noticed Pikel
  7091 | D:7      | Killed Pikel
  7763 | D:7      | Found a burning altar of Makhleb.
  7813 | D:7      | Found a staircase to the Ecumenical Temple.
  7910 | Temple   | Entered the Ecumenical Temple
  8209 | D:8      | Identified the +8 dagger of the Original Sin {venom, *Slow
                  | rElec rF+++ rCorr}
  8249 | D:8      | Reached skill level 10 in Short Blades
  8450 | D:8      | Reached XP level 10. HP: 66/77 MP: 9/9
  8522 | D:8      | Found an ancient bone altar of Kikubaaqudgha.
  8810 | D:8      | Reached skill level 1 in Shields
  9760 | D:8      | Found a glowing golden altar of the Shining One.
 10094 | D:9      | Noticed a two-headed ogre
 10095 | D:9      | HP: 2/80 [troll (9)]
 10095 | D:9      | Demolished by a two-headed ogre

Illustrated notes

Levels and vault maps discovered:
D:1:      saegor_arrival_simple_b, layout_rooms, serial_shops, shop_statue,
          minivault_4
D:2:      layout_rooms, serial_shops, shop, uniq_natasha
D:3:      layout_loops_ring, serial_shops, nicolae_shop_crystal,
          dreamdust_ecumenical_altar_sealed_demon, uniq_robin
D:4:      layout_loops_ring, lemuel_round_altar, mainiacjoe_overflow_alcove_2,
          nicolae_qazlal_scattered_showers, grunt_ministairs_12,
          chequers_serial_rivers_micro_a, minmay_door_square
D:5:      layout_loops_ring, nicolae_ashenzari_skybound, nicolae_eternal_life,
          kennysheep_generic_room_12
D:6:      layout_loops_cross, serial_shops, shop, nicolae_shop_advertising_works
          [nicolae_subvault_shop_adworks]
D:7:      cheibrodos_helix_gallery, layout_rooms, lightli_temple_of_fire,
          minmay_temple_entry_wispy, uniq_menkaure, uniq_pikel
D:8:      layout_basic, chequers_temple_overflow_statue_of_worship
D:9:      layout_basic, nicolae_hepliaklqana_hazy_memory
Temple:   nicolae_temple_figure_eight

Skill      XL: |  1  2  3  4  5  6  7  8  9 10 |
---------------+-------------------------------+-----
Axes           | 4 5 6 8 9 11 12 | 12.3
Short Blades   | 6 11 12 | 12.0
Shields        | 4 |  4.3
Fighting       | 4 |  4.8
Armour         | 4 |  4.0
Dodging        | |  2.1

Action                   |  1- 3 |  4- 6 |  7- 9 | 10-12 || total
-------------------------+-------+-------+-------+-------++-------
Melee: Hand axe          |    73 |   150 |    68 |       ||   291
       Headbutt          |     9 |    21 |    41 |    23 ||    94
       Punch             |       |     3 |       |       ||     3
       Short sword       |       |       |   159 |   141 ||   300
       Unarmed           |       |       |    15 |       ||    15
Throw: Stone             |       |    14 |    32 |       ||    46
       Boomerang         |       |       |    29 |    14 ||    43
Invok: Berserk           |     1 |     1 |     3 |     4 ||     9
       Trog's Hand       |       |       |     1 |       ||     1
  Use: Scroll            |     3 |     2 |     7 |     1 ||    13
Armor: Chain mail        |    12 |    55 |    47 |     8 ||   122
       Ring mail         |     5 |       |       |       ||     5
       Animal skin       |     2 |       |       |       ||     2
       Skin              |       |       |     4 |       ||     4
       Plate armour      |       |       |       |    28 ||    28
Dodge: Dodged            |    40 |    57 |    72 |    30 ||   199
Block: Buckler           |       |       |    23 |    24 ||    47
